 Dungeon Crawl Stone Soup version 0.31.0-4-g52a2dc7128 (webtiles) character file.

Game seed: 5672118933869019024

100361 Hopman the Warrior (level 15, -2/144 HPs)
             Began as a Minotaur Fighter on Jan 18, 2024.
             Was a High Priest of Okawaru.
             Killed by the air
             ... invoked by a spriggan air mage
              (30 damage)
             ... on level 1 of the Depths on Jan 21, 2024.
             The game lasted 01:54:27 (26023 turns).

Hopman the Warrior (Minotaur Fighter)              Turns: 26023, Time: 01:54:28

Health: -2/144     AC: 19    Str: 35    XL:     15   Next: 80%
Magic:  13/13      EV:  8    Int:  5    God:    Okawaru [*****.]
Gold:   1428       SH: 11    Dex:  9    Spells: 14/14 levels left

rFire   . . .        H - +10 consecrated labrys {holy, Valiant ^Fragile Fly SInv}
rCold   . . .        c - +0 buckler
rNeg    + . .        v - +0 plate armour {rPois}
rPois   +            (helmet restricted)
rElec   +            A - scarf of the Blessed Realm {repulsion, *Corrode rElec Will+++ SInv}
rCorr   +            (no gloves)
SInv    +            Q - +2 pair of boots
Will    ++++.        E - amulet of the Castellan {Reflect Harm rN+ MP-9 Slay+2 SH+5} Stlth
                     h - +6 ring of strength
HPRegen 0.44/turn    N - ring of resist corrosion
MPRegen 0.13/turn

%: corrode self (3%), harm (+30% outgoing, +20% incoming), repel missiles,
reflection
@: flying
A: horns 2, retaliatory headbutt
a: Renounce Religion, Heroism, Finesse, Duel


You were on level 1 of the Depths.
You worshipped Okawaru.
Okawaru was extremely pleased with you.
You visited 6 branches of the dungeon, and saw 25 of its levels.

You collected 3276 gold pieces.
You spent 1848 gold pieces at shops.

Inventory:

Hand Weapons
 b - the +9 falchion "Eruog" {drain, rElec Int-5 SInv Stlth+}
   (You found it on level 3 of the Lair of Beasts)

   Int-5:     It affects your intelligence (-5).
   rElec:     It insulates you from electricity.
   SInv:      It lets you see invisible.
   Stlth+:    It makes you more stealthy.
 n - the +6 war axe of a Billion People {protect, rElec rC+ Dex+4 SInv}
   (You found it on level 5 of the Lair of Beasts)

   Dex+4:     It affects your dexterity (+4).
   rC+:       It protects you from cold.
   rElec:     It insulates you from electricity.
   SInv:      It lets you see invisible.
 t - the +8 trident of Sawyty {freeze, rF+ Stlth+}
   (You found it on level 12 of the Dungeon)

   rF+:       It protects you from fire.
   Stlth+:    It makes you more stealthy.
 H - the +10 consecrated labrys (weapon) {holy, Valiant ^Fragile Fly SInv}
   (You found it on level 10 of the Dungeon)

   Valiant:   It becomes more powerful as more dangerous foes come into view.
   SInv:      It lets you see invisible.
   Fly:       It grants you flight.
   ^Fragile:  It will be destroyed if unequipped.
 S - the +5 morningstar of the Little People {venom, ^Fragile rC++ Str+4}
   (You bought it in a shop on level 2 of the Orcish Mines)

   Str+4:     It affects your strength (+4).
   rC++:      It greatly protects you from cold.
   ^Fragile:  It will be destroyed if unequipped.
 T - the +6 hand axe of the Meager God {heavy, Dex+6 Stlth-}
   (You bought it in a shop on level 2 of the Orcish Mines)

   Dex+6:     It affects your dexterity (+6).
   Stlth-:    It makes you less stealthy.
Missiles
 a - a silver javelin
 p - 2 throwing nets
 r - 6 boomerangs (quivered)
 P - 2 javelins
Armour
 c - a +0 buckler (worn)
 g - a +3 plate armour
 v - a +0 plate armour of poison resistance (worn)
 A - the scarf of the Blessed Realm (worn) {repulsion, *Corrode rElec Will+++ SInv}
   (You bought it in a shop on level 2 of the Dungeon)

   rElec:     It insulates you from electricity.
   Will+++:   It greatly increases your willpower.
   SInv:      It lets you see invisible.
   *Corrode:  It may corrode you when you take damage.
 O - a +4 plate armour of fire resistance
 Q - a +2 pair of boots (worn)
Jewellery
 h - a +6 ring of strength (left hand)
 l - a +6 ring of dexterity
 s - a +5 ring of evasion
 y - a ring of willpower
 E - the amulet of the Castellan (around neck) {Reflect Harm rN+ MP-9 Slay+2 SH+5}
   (You found it on level 8 of the Dungeon)

   [amulet of reflection]

   Reflect:   It reflects blocked missile attacks.
   Slay+2:    It affects your accuracy & damage with ranged weapons and melee
   (+2).
   rN+:       It protects you from negative energy.
   MP-9:      It affects your magic capacity (-9).
   SH+5:      It affects your SH (+5).
   Harm:      It increases damage dealt and taken.
 J - a ring of protection from cold
 N - a ring of resist corrosion (right hand)
 W - an amulet of faith
Wands
 f - a wand of roots (12)
 i - a wand of quicksilver (13)
 B - a wand of polymorph (20)
 L - a wand of flame (26)
 Z - a wand of mindburst (4)
Scrolls
 d - a scroll of acquirement {unknown}
 k - 5 scrolls of enchant armour
 m - 2 scrolls of identify
 o - 2 scrolls of amnesia
 q - 4 scrolls of revelation
 D - 4 scrolls of poison
 F - 5 scrolls of teleportation
 U - 4 scrolls of fog
 V - a scroll of brand weapon
Potions
 e - 7 potions of curing
 j - 2 potions of enlightenment
 u - 4 potions of magic
 w - 2 potions of resistance
 z - 7 potions of ambrosia
 G - 2 potions of brilliance
 I - 2 potions of haste
 R - a potion of berserk rage


   Skills:
 * Level 16.0 Fighting
 * Level 12.0(13.8) Axes
 - Level 11.0(13.3) Maces & Flails
 + Level 9.7 Throwing
 * Level 12.6 Armour
 * Level 12.6 Shields
 * Level 11.1 Invocations
 + Level 8.1 Evocations


You had 14 spell levels left.
You didn't know any spells.
Your spell library contained the following spells:

 Spells                   Type           Power      Damage    Failure   Level
 Apportation              Tloc           0%         N/A       96%         1
 Necrotise                Necr           0%         1d4       96%         1
 Shock                    Conj/Air       0%         1d3       96%         1
 Sting                    Conj/Alch      0%         1d3       96%         1
 Scorch                   Fire           0%         2d5       99%         2
 Sublimation of Blood     Necr           0%         N/A       99%         2
 Fugue of the Fallen      Necr           0%         N/A       100%        3
 Gell's Gravitas          Tloc           0%         N/A       100%        3
 Inner Flame              Hex/Fire       0%         N/A       100%        3
 Ozocubu's Armour         Ice            0%         N/A       100%        3
 Sigil of Binding         Hex            0%         N/A       100%        3
 Swiftness                Air            0%         N/A       100%        3
 Teleport Other           Tloc           0%         N/A       100%        3
 Volatile Blastmotes      Fire/Tloc      0%         2d10      100%        3
 Airstrike                Air            0%         2d(0-16)  100%        4
 Anguish                  Hex/Necr       0%         N/A       100%        4
 Cause Fear               Hex            0%         N/A       100%        4
 Dimensional Bullseye     Hex/Tloc       0%         N/A       100%        4
 Flame Wave               Conj/Fire      0%         2d4       100%        4
 Fulminant Prism          Conj/Alch      0%         3d5       100%        4
 Ignite Poison            Fire/Alch      0%         N/A       100%        4
 Iskenderun's Mystic Bla  Conj/Tloc      0%         2d3       100%        4
 Manifold Assault         Tloc           0%         N/A       100%        4
 Passage of Golubria      Tloc           0%         N/A       100%        4
 Petrify                  Alch/Erth      0%         N/A       100%        4
 Sticky Flame             Fire/Alch      0%         2d4       100%        4
 Vhi's Electric Charge    Tloc/Air       0%         N/A       100%        4
 Alistair's Intoxication  Alch           0%         N/A       100%        5
 Arcjolt                  Conj/Air       0%         1d10      100%        5
 Borgnjor's Vile Clutch   Necr/Erth      0%         N/A       100%        5
 Irradiate                Conj/Alch      0%         3d11      100%        5
 Yara's Violent Unravell  Hex/Alch       0%         3d3       100%        5
 Dispersal                Tloc           0%         N/A       100%        6
 Eringya's Noxious Bog    Alch           0%         4d6       100%        6
 Plasma Beam              Fire/Air       0%         2x1d10    100%        6
 Enfeeble                 Hex            0%         N/A       100%        7
 Ozocubu's Refrigeration  Ice            0%         4d7       100%        7
 Ignition                 Fire           0%         3d3       100%        8
 Polar Vortex             Ice            0%         N/A       100%        9
 Summon Small Mammal      Summ           Unusable   N/A       N/A         1
 Call Canine Familiar     Summ           Unusable   N/A       N/A         3
 Tukima's Dance           Hex            Unusable   N/A       N/A         3
 Animate Dead             Necr           Unusable   N/A       N/A         4
 Death Channel            Necr           Unusable   N/A       N/A         6
 Sculpt Simulacrum        Ice/Alch       Unusable   N/A       N/A         6
 Summon Cactus Giant      Summ           Unusable   N/A       N/A         6

Dungeon Overview and Level Annotations

Branches:
Dungeon (15/15)            Temple (1/1) D:5            Lair (5/5) D:10
 Shoals (1/4) Lair:3        Snake (0/4) Lair:3        Slime (0/5) Lair:4
    Orc (2/2) D:11            Elf (0/3) Orc:2        Vaults (0/5) D:13
 Depths (1/4) D:15

Altars:
Ashenzari
Cheibriados
Dithmenos
Elyvilon
Fedhas
Gozag
Hepliaklqana
Kikubaaqudgha
Makhleb
Nemelex Xobeh
Okawaru
Qazlal
Ru
Sif Muna
Trog
Uskayaw
Vehumet
Wu Jian
Xom
Yredelemnul
Zin
The Shining One
Jiyva

Shops:
D:2 *   D:8 *   Orc:2 **([

Portals:
Hell: Depths:1
Abyss: Depths:1

Annotations:
Orc:2 2 runed translucent doors, Hopman's ghost, adept MiFi


Innate Abilities, Weirdness & Mutations

You have a pair of horns on your head.
You reflexively headbutt those who attack you in melee.


Message History

Press: ? - help, Q - select action, (/) - cycle Shift-Dir - straight line, f/p - deep troll shaman
Aim: a deep troll shaman (moderately wounded, fast, 68% to hit)
You throw a boomerang.
The boomerang barely misses the deep troll shaman.
The deep troll shaman calls upon its god to strengthen the deep troll shaman.
The deep troll shaman seems to grow stronger.
You barely miss the deep troll shaman.
The deep troll shaman is moderately wounded.
The deep troll shaman barely misses you.
The deep troll shaman misses you.
The deep troll shaman claws you but does no damage.
A spriggan air mage comes into view.
You barely miss the deep troll shaman. You headbutt the deep troll shaman!
The deep troll shaman is heavily wounded.
The deep troll shaman bites you!!
You block the deep troll shaman's attack. x2
The spriggan air mage waves its arms in wide circles.
The air twists around and strikes you. The deep troll shaman bites you!!
The deep troll shaman claws you! x2
You hear a shout!
Blink to where?
Press: ? - help, Dir - move target, p - deep troll shaman
As you read the scroll of blinking, it crumbles to dust.
The deep troll shaman calls upon its god to strengthen something.
The deep troll shaman attacks as it pursues you!
The deep troll shaman bites you but does no damage.
The deep troll shaman claws you but does no damage. x2
The deep troll shaman bites you!!
* * * LOW HITPOINT WARNING * * *
The deep troll shaman claws you but does no damage.
You block the deep troll shaman's attack.
You feel much better.
The deep troll shaman barely misses you.
You furiously retaliate!
You headbutt the deep troll shaman! The deep troll shaman claws you!!
* * * LOW HITPOINT WARNING * * *
The deep troll shaman claws you but does no damage.
The spriggan air mage waves its arms in wide circles.
The air twists around and strikes you!!
You die...

#..#####........# #..# #..#
####..#####........####..###..#
....................∩.........#
............<.................#
####..####........####..####..#
#..# #........# #..# #..# #..#
#........# #..# #..#
####..####∩.......####..####..#
................@.............#
...............(T.............#
#################........###..#
#i.......# #..#
#################........###..#
...........i..................#
..............................#
###############################


You could see a spriggan air mage (repels missiles) and a deep troll shaman
(fast, strong).

Vanquished Creatures
  An orc warlord (Orc:2)
  A stone giant (D:15)
  Nessos (Lair:5)
  An ettin (Orc:2)
  The ghost of Junaliek the Protected, a journeyman MiFi of Okawaru (Lair:2)
  Harold (Orc:1)
  A vault guard (D:13)
  6 hydras
  3 centaur warriors
  2 tengu warriors (D:15)
  10 death yaks
  3 boulder beetles
  A dancing weapon (D:13)
  A deep troll shaman (Lair:5)
  3 catoblepae
  3 two-headed ogres (D:11)
  Sonja (D:12)
  2 skysharks
  Lodul (D:13)
  2 sea snakes (Shoals:1)
  A harpy (shapeshifter) (D:15)
  4 orc knights
  A lindwurm (Lair:5)
  3 orc sorcerers
  2 deep elf pyromancers
  6 manticores
  A meliai (shapeshifter) (D:13)
  12 ugly things (D:15)
  5 cyclopes
  A salamander (Lair:3)
  A merfolk siren (Lair:3)
  10 elephants
  2 torpor snails
  6 black mambas
  3 kobold blastminers
  3 gargoyles
  3 kobold demonologists
  8 komodo dragons
  12 cane toads
  9 rime drakes
  An unseen horror (shapeshifter) (D:15)
  A freezing wraith (D:15)
  9 trolls
  A wind drake (Shoals:1)
  A wolf spider simulacrum (D:13)
  4 merfolk (Shoals:1)
  5 polar bears
  A queen bee (Lair:3)
  A hornet (D:10)
  27 blink frogs
  3 dream sheep
  A snapping turtle (Shoals:1)
  3 centaur simulacra
  7 slime creatures
  4 wraiths
  11 basilisks
  30 yaks
  2 vampires
  18 wyverns
  5 water elementals
  3 shadows
  2 wargs (Orc:2)
  5 steam dragons
  Menkaure (D:7)
  13 vampire mosquitoes
  3 nagas (Lair:3)
  16 water moccasins
  3 acid dragons
  A hell hound (Lair:5)
  29 orc warriors
  A black bear (D:6)
  5 sky beasts
  6 ice beasts
  23 ogres
  4 centaurs
  An ogre (shapeshifter) (D:15)
  32 wolves
  4 kobold brigands
  9 bullfrogs
  2 scorpions
  3 gnoll sergeants
  2 wights (D:10)
  32 killer bees
  7 howler monkeys
  2 electric eels
  A crimson imp (D:4)
  3 bombardier beetles
  2 hounds (D:5)
  22 orc priests
  Crazy Yiuf (D:4)
  A gnoll bouda (D:7)
  6 jellies
  A sleepcap (D:4)
  An iguana (D:4)
  27 orc wizards
  5 hell rats (Lair:5)
  2 killer bee zombies (D:7)
  An ogre zombie (D:7)
  A mummy (D:7)
  28 gnolls
  11 adders
  A river rat (Lair:3)
  11 white imps
  4 ufetubi
  A dart slug (D:2)
  88 orcs
  2 bats
  7 endoplasms
  A giant cockroach (D:1)
  6 goblins
  6 hobgoblins
  2 quokkas (D:3)
  2 ball pythons
  2 frilled lizards
  13 kobolds
  5 rats
746 creatures vanquished.

Vanquished Creatures (others)
  An orc warrior (D:10)
  2 kobold brigands (D:11)
3 creatures vanquished.

Grand Total: 749 creatures vanquished

Notes
Turn   | Place    | Note
-------+----------+-------------------------------------------
     0 | D:1      | Hopman the Minotaur Fighter began the quest for the Orb.
     0 | D:1      | Reached XP level 1. HP: 19/19 MP: 0/0
   374 | D:1      | Reached XP level 2. HP: 27/27 MP: 1/1
  1206 | D:2      | Reached skill level 4 in Fighting
  1279 | D:2      | Reached XP level 3. HP: 30/33 MP: 2/2
  1360 | D:2      | Found Uzaruagh's Assorted Antiques.
  1451 | D:2      | Found a faded altar of an unknown god.
  1899 | D:2      | Reached XP level 4. HP: 33/41 MP: 3/3
  2019 | D:3      | Reached skill level 1 in Throwing
  2261 | D:3      | Reached XP level 5. HP: 47/47 MP: 4/4
  2863 | D:4      | Reached skill level 5 in Fighting
  2924 | D:4      | Reached XP level 6. HP: 47/56 MP: 5/5
  3225 | D:4      | Found a stormy altar of Qazlal.
  3234 | D:4      | Reached skill level 5 in Maces & Flails
  3237 | D:4      | Found a hazy altar of Hepliaklqana.
  3328 | D:4      | Reached skill level 5 in Armour
  3328 | D:4      | Reached skill level 5 in Shields
  3408 | D:4      | Reached XP level 7. HP: 57/62 MP: 6/6
  3526 | D:4      | Reached skill level 6 in Fighting
  3688 | D:4      | Found a runed translucent door.
  3689 | D:4      | Noticed Crazy Yiuf
  3697 | D:4      | Killed Crazy Yiuf
  3793 | D:2      | Bought a distressingly furry scarf for 210 gold pieces
  3793 | D:2      | Identified the scarf of the Blessed Realm {repulsion,
                  | *Corrode rElec Will+++ SInv} (You bought it in a shop on
                  | level 2 of the Dungeon)
  3871 | D:5      | Entered Level 5 of the Dungeon
  4316 | D:5      | Found a staircase to the Ecumenical Temple.
  4328 | Temple   | Entered the Ecumenical Temple
  4359 | Temple   | Became a worshipper of Warmaster Okawaru
  4569 | D:5      | Identified the +0 robe of Amuir {Will+ Str+4 Slay+3}
  4934 | D:6      | Reached skill level 1 in Invocations
  5084 | D:6      | Reached XP level 8. HP: 71/71 MP: 7/7
  5191 | D:6      | Reached * piety under Okawaru
  5192 | D:6      | Reached skill level 1 in Evocations
  5232 | D:6      | Reached skill level 7 in Fighting
  5616 | D:7      | Noticed Menkaure
  5619 | D:7      | Killed Menkaure
  5683 | D:7      | Reached ** piety under Okawaru
  5741 | D:7      | Reached XP level 9. HP: 78/81 MP: 10/10
  5750 | D:7      | Reached skill level 8 in Fighting
  6844 | D:8      | Reached *** piety under Okawaru
  6939 | D:8      | Identified the +11 sling "Fauh" {heavy, Dex+4}
  7132 | D:8      | Identified the amulet of the Castellan {Reflect Harm rN+
                  | MP-9 Slay+2 SH+5}
  7185 | D:8      | Found Zistraig's Assorted Antiques.
  7418 | D:9      | Noticed a troll
  7427 | D:9      | Killed a troll
  7428 | D:9      | Reached skill level 9 in Fighting
  7535 | D:9      | Reached skill level 5 in Invocations
  7544 | D:9      | Reached XP level 10. HP: 85/91 MP: 3/12
  7579 | D:8      | Reached **** piety under Okawaru
  7679 | D:9      | Noticed an orange demon
  8324 | D:9      | Reached ***** piety under Okawaru
  8325 | D:9      | Reached skill level 5 in Throwing
  8390 | D:10     | Entered Level 10 of the Dungeon
  8677 | D:10     | Noticed a death yak
  8678 | D:10     | Noticed a death yak
  8679 | D:10     | Noticed a death yak
  8722 | D:10     | Reached skill level 10 in Fighting
  8803 | D:10     | Reached XP level 11. HP: 84/101 MP: 5/14
  8932 | D:10     | Received a gift from Okawaru
  8936 | D:10     | Reached skill level 10 in Maces & Flails
  9116 | D:10     | Noticed a death yak
  9137 | D:10     | Killed a death yak
  9141 | D:10     | Noticed a death yak
  9144 | D:10     | Killed a death yak
  9155 | D:10     | Killed a death yak
  9161 | D:10     | Killed a death yak
  9172 | D:10     | Killed a death yak
  9172 | D:10     | Received a gift from Okawaru
  9173 | D:10     | Reached skill level 11 in Fighting
  9410 | D:10     | Found a staircase to the Lair.
  9784 | D:10     | Found the +4 consecrated labrys {holy, Valiant ^Fragile Fly
                  | SInv}
  9991 | D:11     | Found a staircase to the Orcish Mines.
 10006 | D:11     | Reached skill level 1 in Axes
 10388 | D:11     | Noticed a two-headed ogre
 10398 | D:11     | Noticed a boulder beetle
 10399 | D:11     | Killed a two-headed ogre
 10408 | D:11     | Killed a boulder beetle
 10474 | D:11     | Reached XP level 12. HP: 101/110 MP: 7/16
 10743 | D:11     | Noticed a two-headed ogre
 10750 | D:11     | Killed a two-headed ogre
 10926 | D:11     | Noticed a two-headed ogre
 10931 | D:11     | Killed a two-headed ogre
 10932 | D:11     | Reached skill level 5 in Evocations
 11299 | D:12     | Received a gift from Okawaru
 11311 | D:12     | Noticed Sonja
 11324 | D:12     | Killed Sonja
 11325 | D:12     | Reached skill level 12 in Fighting
 11366 | D:12     | Identified the +8 trident of Sawyty {freeze, rF+ Stlth+}
 11703 | D:13     | Reached skill level 5 in Axes
 11956 | D:13     | Noticed a catoblepas
 11966 | D:13     | Killed a catoblepas
 12018 | D:13     | Noticed Lodul
 12027 | D:13     | Killed Lodul
 12278 | D:8      | Bought a glowing plate armour for 780 gold pieces
 12345 | Lair:1   | Entered Level 1 of the Lair of Beasts
 12552 | Lair:1   | Received a gift from Okawaru
 12730 | Lair:1   | Reached XP level 13. HP: 119/119 MP: 9/18
 12934 | Lair:1   | Reached skill level 13 in Fighting
 13597 | Orc:1    | Entered Level 1 of the Orcish Mines
 13879 | Orc:1    | Noticed Harold
 13895 | Orc:1    | Killed Harold
 14269 | Orc:1    | Reached skill level 10 in Shields
 14502 | Orc:2    | Entered Level 2 of the Orcish Mines
 14517 | Orc:2    | Reached skill level 10 in Armour
 14545 | Orc:2    | Found a staircase to the Elven Halls.
 14812 | Orc:2    | Found Zoucvi's Assorted Antiques.
 14827 | Orc:2    | Bought a pair of glowing boots for 195 gold pieces
 14964 | Orc:2    | Noticed an orc warlord
 14976 | Orc:2    | Received a gift from Okawaru
 14987 | Orc:2    | Killed an orc warlord
 14995 | Orc:2    | Found Pin Itisyu's Antique Weapon Boutique.
 15001 | Orc:2    | Found Neidir's Antique Armour Shop.
 15066 | Orc:2    | Bought a jewelled morningstar for 351 gold pieces
 15066 | Orc:2    | Identified the +5 morningstar of the Little People {venom,
                  | ^Fragile rC++ Str+4} (You bought it in a shop on level 2 of
                  | the Orcish Mines)
 15066 | Orc:2    | Bought a polished hand axe for 312 gold pieces
 15066 | Orc:2    | Identified the +6 hand axe of the Meager God {heavy, Dex+6
                  | Stlth-} (You bought it in a shop on level 2 of the Orcish
                  | Mines)
 15132 | Orc:2    | Noticed an ettin
 15137 | Orc:2    | Killed an ettin
 15285 | Orc:2    | Found a large runed translucent door.
 15285 | Orc:2    | Found a large runed translucent door.
 15287 | Orc:2    | Noticed Hopman's ghost (adept MiFi)
 15439 | Orc:2    | Found Yruimeo's General Store.
 15815 | Lair:2   | Found a runed translucent gate.
 15815 | Lair:2   | Found a runed translucent gate.
 15815 | Lair:2   | Found a runed translucent gate.
 15817 | Lair:2   | Noticed Junaliek's ghost (journeyman MiFi)
 15821 | Lair:2   | Found a viscous altar of Jiyva.
 16225 | Lair:2   | Reached skill level 14 in Fighting
 16238 | Lair:2   | Received a gift from Okawaru
 16442 | Lair:2   | Reached XP level 14. HP: 114/132 MP: 11/20
 17070 | Lair:2   | Killed Junaliek's ghost
 17711 | Lair:3   | Found a staircase to the Shoals.
 17798 | Lair:3   | Received a gift from Okawaru
 17816 | Lair:3   | Found a staircase to the Snake Pit.
 18443 | Lair:3   | Found a runed translucent door.
 18462 | Lair:3   | Received a gift from Okawaru
 18463 | Lair:3   | Reached skill level 10 in Axes
 18475 | Lair:3   | Identified the +9 falchion "Eruog" {drain, rElec Int-5 SInv
                  | Stlth+}
 18854 | Lair:4   | Reached skill level 10 in Invocations
 18856 | Lair:4   | Reached skill level 15 in Fighting
 18875 | Lair:4   | Upgraded the game from 0.31-b1-22-gc680215f68 to 0.31.0
 19203 | Lair:4   | Identified the +3 ring mail of Indomitability {rF++ rN+++
                  | Regen+ Slay-2}
 19825 | Lair:4   | Found a viscous altar of Jiyva.
 19825 | Lair:4   | Found a staircase to the Slime Pits.
 19986 | Lair:5   | Entered Level 5 of the Lair of Beasts
 20501 | Lair:5   | Noticed Nessos
 20519 | Lair:5   | Killed Nessos
 21112 | Lair:5   | Reached XP level 15. HP: 97/141 MP: 6/21
 21403 | Lair:5   | Identified the +6 war axe of a Billion People {protect,
                  | rElec rC+ Dex+4 SInv}
 21766 | Lair:5   | Received a gift from Okawaru
 22319 | Shoals:1 | Entered Level 1 of the Shoals
 23146 | Shoals:1 | Upgraded the game from 0.31.0 to 0.31.0-4-g52a2dc7128
 23606 | D:13     | Found a gate to the Vaults.
 24257 | D:14     | Found a sacrificial altar of Ru.
 24415 | D:15     | Entered Level 15 of the Dungeon
 24675 | D:15     | Reached skill level 16 in Fighting
 24676 | D:15     | Received a gift from Okawaru
 24782 | D:15     | Found a staircase to the Depths.
 25454 | Depths:1 | Entered Level 1 of the Depths
 25454 | Depths:1 | Found a one-way gate to the infinite horrors of the Abyss.
 25455 | Depths:1 | Found a gateway to Hell.
 26023 | Depths:1 | Killed from afar by a spriggan air mage

Illustrated notes

Levels and vault maps discovered:
D:1:      dpeg_arrival_another_circle, layout_loops_corners
D:2:      layout_loops_ring, serial_shops, nicolae_shop_real_fake_doors,
          ebering_ecumenical_altar_webs, corexii_item_surrounded_by_moat
D:3:      layout_basic
D:4:      layout_loops_cross, mainiacjoe_overflow_big_doors,
          minmay_misc_feat_diagonals, minmay_fire_ice_demons,
          uniq_crazy_yiuf_cottage
D:5:      layout_gridville, minmay_temple_entry_offerings
D:6:      layout_basic, hex_intersection
D:7:      layout_loops_ring, minmay_mini_ossuary, uniq_menkaure
D:8:      layout_rooms, serial_shops, shop
D:9:      layout_rooms, hangedman_misty_isle
D:10:     minmay_polygon_palace, layout_cave_pools, dpeg_lair_monsters
D:11:     layout_loops_corners, kennysheep_orc_monster_closet_entryway
D:12:     layout_cave_pools, serial_park, serial_park_square1
          [serial_park_minivault_5x5_7], serial_park_fountain,
          serial_park_tiny_2, uniq_sonja
D:13:     layout_roguey, erik_vaults_1, serial_ice, serial_ice_l, serial_ice_a,
          serial_ice_d, serial_ice_n, serial_ice_m, serial_ice_h, serial_ice_f,
          serial_ice_g, serial_ice_o, serial_ice_c, minmay_strange_pillars,
          uniq_lodul
D:14:     layout_roguey, hangedman_ru_absence
D:15:     grunt_enter_depths_giant_problem, layout_loops_cross, nicolae_titane
Temple:   mainiacjoe_temple_big_plus
Lair:1:   layout_roguey
Lair:2:   layout_regular_city, gammafunk_ghost_ooze, st_stairs_7
Lair:3:   regret_index_wax_grids, layout_hall_layers,
          minmay_shoals_entry_lonely_mermaid, alex1729_snake_entry_snake,
          pf_torpor_hydra
Lair:4:   layout_regular_city, dpeg_slime_entry_enclosed
Lair:5:   grunt_lair_end_beastmaster, layout_cellular_growth, special_room
          [special_room_mythical_zoo], uniq_nessos
Shoals:1: layout_shoals, nicolae_shoals_flooded_hall, uniq_roxanne
Orc:1:    layout_caves, guppyfry_library_mini, uniq_harold
Orc:2:    grunt_orc_community_town_hall, layout_diamond_mine,
          grunt_orc_community_big_house_2, grunt_orc_community_big_house_1,
          grunt_orc_community_house_3, grunt_orc_community_house_1,
          grunt_orc_community_house_3, grunt_orc_community_house_3,
          grunt_orc_community_house_2, ebering_ghost_disaster_area
Depths:1: layout_small_grid, kennysheep_boxes, abyss_entry, hell_entry,
          ashenzari_altar_1, grunt_megastairs_3

Skill      XL: |  1  2  3  4  5  6  7  8  9 10 11 12 13 14 15 |
---------------+----------------------------------------------+-----
Fighting       | 4 5 6 7 9 10 11 12 14 15 16 | 16.0
Maces & Flails | 3 4 5 6 7 8 9 10 11 | 11.0
Armour         | 4 5 6 7 8 9 10 11 12 | 12.6
Shields        | 4 5 6 7 8 9 10 11 12 | 12.6
Throwing       | 1 2 3 4 5 6 7 8 9 |  9.7
Invocations    | 1 3 5 6 7 8 9 10 11 | 11.1
Evocations     | 2 3 4 5 6 7 8 |  8.1
Axes           | 2 6 8 10 12 | 12.0

Action                     |  1- 3 |  4- 6 |  7- 9 | 10-12 | 13-15 || total
---------------------------+-------+-------+-------+-------+-------++-------
  Melee: Flail             |    58 |    77 |    16 |       |       ||   151
         Headbutt          |     9 |    15 |    40 |    84 |   147 ||   295
         Mace              |       |       |   205 |   228 |       ||   433
         Labrys            |       |       |       |   154 |   741 ||   895
  Throw: Stone             |     7 |    26 |    13 |    26 |       ||    72
         Boomerang         |       |    42 |    76 |    93 |    71 ||   282
         Javelin           |       |       |       |       |    63 ||    63
         Dart              |       |       |       |       |     4 ||     4
         Throwing net      |       |       |       |       |     2 ||     2
 Invoke: Heroism           |       |       |       |     9 |    11 ||    20
         Finesse           |       |       |       |     2 |     9 ||    11
    Use: Scroll            |       |       |    16 |     6 |    11 ||    33
         Potion            |       |       |     2 |     2 |     8 ||    12
 Armour: Scale mail        |    40 |    26 |       |       |       ||    66
         Chain mail        |       |    24 |   163 |   165 |       ||   352
         Plate armour      |       |       |       |    46 |   474 ||   520
  Dodge: Dodged            |    25 |    36 |   110 |   200 |   276 ||   647
         Repelled          |       |       |     2 |     6 |     7 ||    15
  Block: Buckler           |     9 |    18 |    67 |   212 |   378 ||   684
         Reflection        |       |       |     3 |     8 |    25 ||    36
